 Dungeon Crawl Stone Soup version 0.26.0-91-g99b343417d (webtiles) character file.

Game seed: 10969389546382214144

23 Gadfly the Sneak (level 2, -1/27 HPs)
             Began as a Palentonga Delver on Feb 4, 2021.
             Slain by a kobold
             ... wielding a +1 short sword of electrocution
              (19 damage)
             ... on level 1 of the Dungeon.
             The game lasted 00:01:51 (984 turns).

Gadfly the Sneak (Palentonga Delver)                 Turns: 984, Time: 00:01:52

Health: -1/27      AC:  5    Str: 15    XL:     2   Next: 72%
Magic:  2/2        EV:  9    Int: 10    God:
Gold:   64         SH:  0    Dex: 11    Spells: 1/1 levels left

rFire    . . .     SeeInvis +   a - +0 long sword
rCold    . . .     Faith    .   (no shield)
rNeg     . . .     Spirit   .   b - +0 leather armour
rPois    .         Reflect  .   (no helmet)
rElec    .         Harm     .   (no cloak)
rCorr    .         Rampage  .   i - +0 pair of gloves
Will     .....                  (no barding)
Stlth    ++........             (no amulet)
HPRegen  0.09/turn              (no ring)
MPRegen  0.08/turn              (no ring)

@: no status effects
A: large, rugged brown scales 3, see invisible, deformed body, roll 1, armoured
tail
a: Rolling Charge


You were on level 1 of the Dungeon.
You visited 1 branch of the dungeon, and saw 5 of its levels.

You collected 64 gold pieces.

Inventory:

Hand Weapons
 a - a +0 long sword (weapon)
 k - a +1 whip of flaming
 n - a +1 hand axe of holy wrath
Armour
 b - a +0 leather armour (worn)
 i - a +0 pair of gloves (worn)
Wands
 g - a wand of digging (3)
Scrolls
 c - a scroll of fog
 d - a scroll of magic mapping
 e - a scroll of fear
 l - a scroll of remove curse {unknown}
Potions
 f - a potion of haste
 h - 2 potions of degeneration {unknown}
 j - a potion of heal wounds {unknown}
 m - a potion of resistance {unknown}


   Skills:
 + Level 3.1 Fighting
 * Level 2.3 Long Blades
 * Level 0.8 Armour
 * Level 1.8 Dodging
 - Level 3.3 Stealth
 * Level 0.7 Evocations


You had one spell level left.
You didn't know any spells.
Your spell library was empty.

Dungeon Overview and Level Annotations

Branches:
Dungeon (5/15)
 Temple: D:4-7

Altars:
Ashenzari
Yredelemnul


Innate Abilities, Weirdness & Mutations

You are completely covered in rugged brown scales. (AC +3, +7% HP)
You have supernaturally acute eyesight. (SInv)
Armour fits poorly on your strangely shaped body.
You can roll at nearby foes to attack.
You have a long armoured tail.


Message History

No target in view!
No target in view!
A kobold comes into view.
It is wielding a +1 short sword of electrocution.
A kobold is nearby!
A kobold is nearby!
A rat comes into view.
The kobold shouts!
You hear a shout!
A bat comes into view.
The kobold throws a stone.
The stone hits you.
You see here a stone.
The kobold barely misses you.
You closely miss the kobold. The bat closely misses you.
The bat hits you but does no damage. The bat barely misses you.
The kobold hits you with a +1 short sword of electrocution.
The rat barely misses you.
You closely miss the bat.
Your tail-slap misses the bat.
The bat completely misses you. The kobold hits you but does no damage.
You are electrocuted!!
Ouch! That really hurt!
You die...

..##.##.#####
#.# ..##.##.#
#.# ..
.....########.#
##.............#
#.##########..#
... #..# ###.
..####..#
#......(##
..##..r@.#
#.#.#Kb.# #.#.
##....# #.#.
#.#.# #. ...# ..
... #. .. #.


You could see a bat, a kobold and a rat.

Vanquished Creatures
  A dart slug (D:2)
  A bat (D:1)
  2 giant cockroaches
  2 goblins (D:2)
  4 hobgoblins
  3 kobolds
  2 quokkas (D:2)
  2 rats (D:1)
  A spectral orc (D:2)
18 creatures vanquished.

Notes
Turn   | Place    | Note
-------+----------+-------------------------------------------
     0 | D:5      | Gadfly the Palentonga Delver began the quest for the Orb.
     0 | D:5      | Reached XP level 1. HP: 20/20 MP: 1/1
    61 | D:4      | Found a broken altar of Ashenzari.
    89 | D:4      | Noticed a phantom
   304 | D:2      | Reached XP level 2. HP: 12/27 MP: 2/2
   488 | D:2      | Found a basalt altar of Yredelemnul.
   984 | D:1      | Slain by a kobold

Illustrated notes

Levels and vault maps discovered:
D:1:      lemuel_arrival_tunnels, layout_loops_ring
D:2:      layout_loops_ring, yredelemnul_forgotten_temple_becter
D:3:      layout_basic, lemuel_doored_altar, nicolae_ru_path_of_blood,
          minivault_27
D:4:      layout_gridville, cheibrodos_ashenzari_chains,
          nemelex_xobeh_ov_fountains_minmay, enter_ossuary_5
D:5:      layout_layer_cave, serial_shops, shop, kennysheep_little_box,
          nicolae_shop_waterfront, nrook_loot_triangle,
          kennysheep_generic_room_12

Action                   || total
-------------------------++-------
Melee: Long sword        ||    34
       Tailslap          ||     4
 Abil: Rolling Charge    ||     1
 Stab: Sleeping          ||     4
Armor: Leather armour    ||    19
Dodge: Dodged            ||    17
       Rpst.: Long sword ||     4
